 Dungeon Crawl Stone Soup version 0.30-a0-1082-g70414cbcbb (webtiles) character file.

Game seed: 3612677239230529732

4618 ebeggin the Severer (level 10, -7/88 HPs)
             Began as a Hill Orc Fighter on Apr 16, 2023.
             Was a Believer of Beogh.
             Mangled by a two-headed ogre
             ... wielding a +0 giant club
              (10 damage)
             ... on level 9 of the Dungeon.
             The game lasted 00:13:49 (6170 turns).

ebeggin the Severer (Hill Orc Fighter)              Turns: 6170, Time: 00:13:50

Health: -7/88      AC: 18    Str: 24    XL:     10   Next: 42%
Magic:  10/10      EV:  7    Int: 14    God:    Beogh [**....]
Gold:   596        SH:  5    Dex: 10    Spells: 9/9 levels left

rFire   . . .      SeeInvis .    e - +8 mithril axe "Arga" {speed, Will+}
rCold   . . .      Faith    .    c - +0 buckler
rNeg    . . .      Spirit   .    w - +1 plate armour
rPois   .          Reflect  .    i - +0 helmet
rElec   .          Rampage  .    k - +0 cloak
rCorr   .                        g - +0 pair of gloves
Will    +....                    (no boots) Stlth
                                 (no amulet)
HPRegen 0.34/turn                h - +6 ring of intelligence
MPRegen 0.12/turn                y - ring of flight

@: flying, studying Axes
A: no striking features
a: Renounce Religion, Smiting


You were on level 9 of the Dungeon.
You worshipped Beogh.
Beogh was pleased with you.
You visited 1 branch of the dungeon, and saw 9 of its levels.

You collected 596 gold pieces.

Inventory:

Hand Weapons
 e - the +8 mithril axe "Arga" (weapon) {speed, Will+}
   (You acquired it on level 1 of the Dungeon)

   Will:      It increases your willpower.
Missiles
 a - a throwing net (quivered)
Armour
 b - a +0 scale mail
 c - a +0 buckler (worn)
 g - a +0 pair of gloves (worn)
 i - a +0 helmet (worn)
 k - a +0 cloak (worn)
 w - a +1 plate armour (worn)
Jewellery
 h - a +6 ring of intelligence (left hand)
 u - a ring of willpower
 y - a ring of flight (right hand)
 A - an amulet of magic regeneration
 B - a ring of resist corrosion
 C - a ring of see invisible
Wands
 p - a wand of light (1)
 t - a wand of polymorph (5)
 v - a wand of charming (16)
 x - a wand of digging (4)
Scrolls
 j - a scroll of fog
 r - 4 scrolls of fear
 s - a scroll of blinking
 z - a scroll of teleportation
Potions
 d - 6 potions of might
 f - 7 potions of curing {unknown}
 l - 6 potions of heal wounds {unknown}
 m - a potion of lignification {unknown}
 n - a potion of cancellation {unknown}
 o - 3 potions of flight {unknown}
 q - 2 potions of berserk rage {unknown}
 D - 2 potions of attraction {unknown}


   Skills:
 + Level 7.9 Fighting
 + Level 16.2 Axes
 + Level 7.4 Armour
 + Level 2.0 Dodging
 + Level 1.2 Stealth
 + Level 5.2 Shields


You had 9 spell levels left.
You didn't know any spells.
Your spell library contained the following spells:

 Spells                   Type           Power      Damage    Failure   Level
 Apportation              Tloc           0%         N/A       99%         1
 Freeze                   Ice            0%         1d3       99%         1
 Slow                     Hex            0%         N/A       99%         1
 Confusing Touch          Hex            0%         N/A       100%        3
 Dazzling Flash           Conj/Hex       0%         N/A       100%        3
 Frozen Ramparts          Ice            0%         1d1       100%        3
 Hailstorm                Conj/Ice       0%         3d3       100%        3
 Vampiric Draining        Necr           0%         2d6       100%        3
 Agony                    Necr           0%         N/A       100%        5
 Alistair's Intoxication  Tmut/Pois      0%         N/A       100%        5
 Blade Hands              Tmut           0%         N/A       100%        5
 Irradiate                Conj/Tmut      0%         3d11      100%        5
 Silence                  Hex/Air        0%         N/A       100%        5
 Dragon Form              Tmut           0%         N/A       100%        7


Dungeon Overview and Level Annotations

Branches:
Dungeon (9/15)             Temple (0/1) D:7
   Lair: D:8-11         Orc: D:9-12

Altars:
Cheibriados
Gozag
Makhleb
Ru
Yredelemnul
The Shining One

Shops:
D:1 ?

Annotations:
D:7 2 transporters, domi's ghost, novice SpHu


Message History

You slash the orc!
You kill the orc!
Beogh accepts your kill.
Your Axes skill increases to level 16!
You slash the orc!
You kill the orc!
Beogh accepts your kill.
Items here: ))) [ ††.
You slash the orc wizard!
The orc wizard is severely wounded.
The orc wizard hits you but does no damage.
The two-headed ogre hits you with a +0 giant club!
The two-headed ogre hits you with a +0 heavy dire flail!
The orc wizard hits you with a +0 dagger.
You slash the two-headed ogre!
The two-headed ogre is moderately wounded.
You hit the orc. You slash the orc wizard!
You kill the orc wizard!
Beogh accepts your kill.
You slash the two-headed ogre!
The two-headed ogre is heavily wounded.
You hit the orc. You block the orc's attack.
The two-headed ogre hits you with a +0 giant club!
* * * LOW HITPOINT WARNING * * *
The two-headed ogre hits you with a +0 heavy dire flail!
* * * LOW HITPOINT WARNING * * *
Okay, then.
You closely miss the two-headed ogre.
The two-headed ogre is heavily wounded.
You barely miss the orc. You block the orc's attack.
You hit the two-headed ogre but do no damage.
The two-headed ogre is heavily wounded.
You slash the orc!
You kill the orc!
Beogh accepts your kill.
You slash the two-headed ogre!
The two-headed ogre is severely wounded.
The two-headed ogre hits you but does no damage.
The two-headed ogre hits you with a +0 heavy dire flail!
You die...

#..# #|...#
#..[..# ....
#....#
##....## ....
#..#####.....#
#### #...#..#
#..##..#
##..##..#
##..$###..
#.###†).## #..
#....@)## ##.
##..)O.#
###.### #. ..
###


You could see a two-headed ogre.

Vanquished Creatures
  Pikel (D:7)
  A troll (D:9)
  2 wyverns
  4 yaks (D:8)
  Eustachio (D:6)
  A steam dragon (D:8)
  A black bear (D:8)
  2 ice beasts
  A sky beast (D:7)
  3 centaurs (D:7)
  An ogre (D:6)
  A lemure (D:7)
  2 phantoms
  3 bullfrogs
  A kobold brigand (D:6)
  3 scorpions
  8 wights
  4 killer bees (D:8)
  A howler monkey (D:4)
  2 jellies
  2 orc priests
  Crazy Yiuf (D:3)
  4 hounds
  An iguana (D:7)
  4 sleepcaps
  9 orc wizards
  Natasha (twice) (D:2)
  8 adders
  A white imp (D:6)
  2 worms (D:2)
  A dart slug (D:2)
  27 orcs
  4 endoplasms
  A giant cockroach (D:4)
  5 hobgoblins
  7 jackals (D:1)
  13 kobolds
  7 quokkas
  7 ball pythons
  6 bats
  5 frilled lizards
  7 goblins
  5 rats
  A bush (D:7)
173 creatures vanquished.

Vanquished Creatures (others)
  2 orcs (D:8)
2 creatures vanquished.

Grand Total: 175 creatures vanquished

Notes
Turn   | Place    | Note
-------+----------+-------------------------------------------
     0 | D:1      | ebeggin the Hill Orc Fighter began the quest for the Orb.
     0 | D:1      | Reached XP level 1. HP: 19/19 MP: 1/1
    93 | D:1      | Identified a scroll of acquirement
    93 | D:1      | Acquired the +8 mithril axe "Arga" {speed, Will+}
    93 | D:1      | Found the +8 mithril axe "Arga" {speed, Will+}
   374 | D:1      | Reached XP level 2. HP: 27/27 MP: 2/2
   379 | D:1      | Reached skill level 3 in Axes
   384 | D:1      | Found Soankyek's Magic Scroll Emporium.
   836 | D:1      | Reached XP level 3. HP: 33/33 MP: 3/3
  1490 | D:2      | Noticed Natasha
  1496 | D:2      | Killed Natasha
  1497 | D:2      | Reached skill level 4 in Axes
  1575 | D:2      | Reached XP level 4. HP: 40/40 MP: 4/4
  1575 | D:2      | Noticed Natasha
  1583 | D:2      | Killed Natasha
  1613 | D:2      | Reached skill level 5 in Axes
  1616 | D:2      | Reached skill level 1 in Dodging
  1629 | D:2      | Found a basalt altar of Yredelemnul.
  1752 | D:2      | Reached XP level 5. HP: 45/46 MP: 5/5
  2437 | D:3      | Found a runed translucent door.
  2438 | D:3      | Noticed Crazy Yiuf
  2634 | D:3      | Killed Crazy Yiuf
  2779 | D:4      | Noticed a phantom
  2787 | D:4      | Killed a phantom
  2788 | D:4      | Reached skill level 6 in Axes
  2788 | D:4      | Reached XP level 6. HP: 50/53 MP: 6/6
  2872 | D:4      | Found a glowing golden altar of the Shining One.
  3026 | D:4      | Reached skill level 1 in Stealth
  3026 | D:4      | Reached XP level 7. HP: 59/60 MP: 7/7
  3184 | D:4      | Found a burning altar of Makhleb.
  3209 | D:5      | Entered Level 5 of the Dungeon
  3212 | D:5      | Reached skill level 5 in Fighting
  3255 | D:5      | Reached skill level 7 in Axes
  3402 | D:5      | Became a worshipper of Beogh the Brigand
  3765 | D:5      | Found a snail-covered altar of Cheibriados.
  3765 | D:5      | Found a sacrificial altar of Ru.
  3974 | D:6      | Reached skill level 8 in Axes
  4137 | D:6      | Reached XP level 8. HP: 69/69 MP: 8/8
  4186 | D:6      | Noticed Eustachio
  4220 | D:6      | Killed Eustachio
  4221 | D:6      | Reached skill level 9 in Axes
  4221 | D:6      | Reached skill level 5 in Armour
  4660 | D:7      | Reached * piety under Beogh
  4691 | D:7      | Found a transporter.
  4692 | D:7      | Noticed domi's ghost (novice SpHu)
  4693 | D:7      | Found a transporter.
  4694 | D:7      | Noticed a tengu warrior
  4737 | D:7      | Reached skill level 10 in Axes
  4765 | D:7      | Reached skill level 11 in Axes
  4862 | D:7      | Reached XP level 9. HP: 77/77 MP: 9/9
  4863 | D:7      | Found a staircase to the Ecumenical Temple.
  5004 | D:7      | Noticed Pikel
  5013 | D:7      | Killed Pikel
  5014 | D:7      | Reached skill level 12 in Axes
  5336 | D:8      | Acquired a manual of Axes
  5353 | D:8      | Reached skill level 13 in Axes
  5364 | D:8      | Reached skill level 14 in Axes
  5365 | D:8      | Reached XP level 10. HP: 61/86 MP: 10/10
  5475 | D:8      | Reached skill level 5 in Shields
  5698 | D:8      | Reached skill level 15 in Axes
  5708 | D:8      | Reached ** piety under Beogh
  6101 | D:9      | Found an opulent altar of Gozag.
  6158 | D:9      | Noticed a two-headed ogre
  6162 | D:9      | Reached skill level 16 in Axes
  6167 | D:9      | HP: 3/88 [two-headed ogre/+0 giant club (17)]
  6170 | D:9      | Mangled by a two-headed ogre

Illustrated notes

Levels and vault maps discovered:
D:1:      dpeg_arrival_arbitrary_a, layout_basic, serial_shops, shop_scrolls
D:2:      layout_rooms, basic_altar, nrook_uturn, uniq_natasha
D:3:      layout_basic, grunt_ministairs_15, roderic_serpentine_path,
          uniq_crazy_yiuf_cottage
D:4:      layout_rooms, lemuel_tele_altar, mainiacjoe_overflow_small_starburst
D:5:      layout_cave_pods, gammafunk_temple_overflow_statue
D:6:      layout_rooms, nrook_mini_vaults, uniq_eustachio
D:7:      layout_rooms, minmay_temple_entry_butterflies, gammafunk_ghost_arena,
          kb_lookout_dungeons_type, grunt_decor_junction, uniq_pikel
D:8:      layout_cave_pools, kennysheep_windowed_goal
D:9:      layout_layer_cave, gammafunk_temple_overflow_wave,
          amcnicky_altar_gilded

Skill      XL: |  1  2  3  4  5  6  7  8  9 10 |
---------------+-------------------------------+-----
Axes           | 3 4 5 6 8 11 14 16 | 16.2
Fighting       | 4 5 6 7 |  7.9
Dodging        | 1 2 |  2.0
Armour         | 4 5 6 7 |  7.4
Stealth        | 1 |  1.2
Shields        | 4 5 |  5.2

Action                     |  1- 3 |  4- 6 |  7- 9 | 10-12 || total
---------------------------+-------+-------+-------+-------++-------
  Melee: Broad axe         |    73 |    92 |   141 |    48 ||   354
 Invoke: Convert to Beogh  |       |       |     1 |       ||     1
    Use: Scroll            |     7 |     5 |     4 |       ||    16
 Armour: Scale mail        |    33 |    32 |    17 |       ||    82
         Plate armour      |       |       |    69 |    39 ||   108
  Dodge: Dodged            |    49 |    38 |    56 |     9 ||   152
  Block: Buckler           |    20 |    16 |    30 |    15 ||    81

Table legend: (Time is in decaauts)
 A = Elapsed time spent in this place.
 B = Non-inter-level travel time spent in this place.
 C = Inter-level travel time spent in this place.
 D = Time resting spent in this place.
 E = Time spent auto-exploring this place.
 F = Levels seen in this place.
 G = Mean time per level.
                   A        B        C        D        E       F      G
               +--------+--------+--------+--------+--------+-----+--------+
         Total |   6109 |   6109 |      0 |      0 |   4377 |   9 |  678.8 |
       Dungeon |   6109 |   6109 |      0 |      0 |   4377 |   9 |  678.8 |
               +--------+--------+--------+--------+--------+-----+--------+

Top non-repeatable levels by time:
     D:1: 1429 daAuts
     D:3: 778 daAuts
     D:8: 775 daAuts
     D:5: 750 daAuts
     D:6: 681 daAuts
     D:7: 638 daAuts
     D:2: 521 daAuts
     D:4: 471 daAuts
     D:9: 63 daAuts
